 Dungeon Crawl Stone Soup version 0.28-a0-537-g3bccd9ccbf (webtiles) character file.

Game seed: 6192017588464792807

145 Zenkrye the Grasshopper (level 5, 0/43 HPs)
             Began as a Gnoll Warper on Sept 27, 2021.
             Killed from afar by Natasha (4 damage)
             ... with a puff of flame
             ... on level 2 of the Dungeon.
             The game lasted 00:05:35 (2179 turns).

Zenkrye the Grasshopper (Gnoll Warper)              Turns: 2179, Time: 00:05:36

Health: 0/43       AC:  3    Str: 11    XL:     5   Next: 27%
Magic:  12/12      EV: 12    Int: 13    God:
Gold:   103        SH:  0    Dex: 11    Spells: 9/14 levels left

rFire   . . .      SeeInvis .   e - +1 hunting sling {@w2}
rCold   . . .      Faith    .   (no shield)
rNeg    . . .      Spirit   .   b - +0 leather armour
rPois   .          Reflect  .   (no helmet)
rElec   .          Harm     .   (no cloak)
rCorr   .          Rampage  .   (no gloves)
Will    .....                   (no boots)
Stlth   +.........              (no amulet)
HPRegen 0.14/turn               (no ring)
MPRegen 0.13/turn               (no ring)

@: very slightly contaminated, slowed, invisible, very slow
A: fangs 1, strong nose, distributed training
a: no special abilities


You were on level 2 of the Dungeon.
You visited 1 branch of the dungeon, and saw 2 of its levels.

You collected 103 gold pieces.

Inventory:

Hand Weapons
 a - a +0 hand axe
 e - a +1 hunting sling (weapon) {@w2}
 l - a +1 vampiric whip
Missiles
 d - a boomerang of dispersal
 f - 10 stones (quivered ammo)
 g - 17 poisoned darts
Armour
 b - a +0 leather armour (worn)
 k - a scarf of shadows
Magical Staves
 o - a staff of cold
Wands
 h - a wand of iceblast (4) {@v4}
Scrolls
 c - a scroll of blinking {@r4}
 j - a scroll of identify {unknown}
Potions
 m - 2 potions of cancellation {unknown}
 n - a potion of degeneration {unknown}


   Skills:
 + Level 4.7 Fighting
 + Level 1.4 Short Blades
 + Level 1.4 Long Blades
 + Level 4.7 Axes
 + Level 1.4 Maces & Flails
 + Level 1.4 Polearms
 + Level 1.4 Staves
 + Level 1.4 Slings
 + Level 1.4 Bows
 + Level 1.4 Crossbows
 + Level 2.9 Throwing
 + Level 2.9 Armour
 + Level 4.7 Dodging
 + Level 1.4 Stealth
 + Level 1.4 Shields
 + Level 1.4 Unarmed Combat
 + Level 5.2 Spellcasting
 + Level 1.1 Conjurations
 + Level 1.1 Hexes
 + Level 1.1 Summonings
 + Level 1.1 Necromancy
 + Level 5.5 Translocations
 + Level 1.1 Transmutations
 + Level 1.1 Fire Magic
 + Level 1.1 Ice Magic
 + Level 1.1 Air Magic
 + Level 1.1 Earth Magic
 + Level 1.1 Poison Magic
 + Level 1.6 Invocations
 + Level 1.4 Evocations


You had 9 spell levels left.
You knew the following spells:

 Your Spells              Type           Power      Damage    Failure   Level
a - Teleport Other        Tloc           17%        N/A       7%          3
b - Blink                 Tloc           N/A        N/A       3%          2

Your spell library contained the following spells:

 Spells                   Type           Power      Damage    Failure   Level
 Gell's Gravitas          Tloc           8%         N/A       7%          3
 Lesser Beckoning         Tloc           17%        N/A       7%          3
 Portal Projectile        Hex/Tloc       24%        N/A       19%         3
 Manifold Assault         Tloc           17%        N/A       54%         5
 Blade Hands              Tmut           3%         N/A       99%         5
 Excruciating Wounds      Necr           3%         N/A       99%         5


Dungeon Overview and Level Annotations

Branches:
Dungeon (2/15)

Altars:

Annotations:
D:2 Natasha


Innate Abilities, Weirdness & Mutations

You have very sharp teeth.
Your uncanny sense of smell can sniff out nearby items.
Your experience applies equally to all skills.


Message History

There is a stone staircase leading down here.
f - 12 stones (gained 1)
You see here a +0 dagger.
Natasha, Servant of Life and Death comes into view.
She is carrying a wand of flame (21).
Natasha hisses angrily.
You shoot a stone. The stone barely misses Natasha.
Natasha zaps a wand.
The puff of flame hits you!
You shoot a stone.
The stone hits Natasha but does no damage.
Natasha howls an incantation.
You feel troubled.
Natasha drinks a potion.
Natasha flickers and vanishes!
Deactivating autopickup; reactivate with Ctrl-A.
You see here a +0 dagger.
You hear a zap.
A puff of flame appears from out of thin air!
The puff of flame hits you!
A magic dart appears from out of thin air!
The magic dart hits you.
A magic dart appears from out of thin air!
The magic dart hits you!
Natasha appears from thin air!
Reactivating autopickup.
Natasha drinks a potion.
Natasha flickers and vanishes!
Deactivating autopickup; reactivate with Ctrl-A.
You hear a zap.
A puff of flame appears from out of thin air!
The puff of flame hits you!
* * * LOW HITPOINT WARNING * * *
You feel yourself slow down.
You hear a zap.
A puff of flame appears from out of thin air!
The puff of flame hits you!
* * * LOW HITPOINT WARNING * * *
You fade into invisibility!
You are very lightly contaminated with residual magic.
You hear a zap.
A puff of flame appears from out of thin air!
The puff of flame hits you.
You die...

#####...##########
#..).............#
#.###...########.# #.# ##.##
###.##### ####.# ### #.......#
#....# #.......# #####.####
#.......# .##.....#
#######.......##
..:<....#######.@...{........#
................#####.....รท..#
##......#######.# #........#
##......#######.# ####.###.#
##.#............# #.# #.####
##.#..#########.# #.# #.....
##.#..# #.# #.# ###### #...>.#
#.# #####.######## #......
###.####.##...#......


There were no monsters in sight!

Vanquished Creatures
  Natasha (twice) (D:2)
  3 gnolls (D:2)
  3 adders
  2 worms (D:2)
  A dart slug (D:2)
  2 bats
  3 endoplasms (D:1)
  A giant cockroach (D:1)
  4 goblins
  4 hobgoblins
  A kobold (D:1)
  A ball python (D:1)
  3 frilled lizards (D:1)
  7 rats
37 creatures vanquished.

Notes
Turn   | Place    | Note
-------+----------+-------------------------------------------
     0 | D:1      | Zenkrye the Gnoll Warper began the quest for the Orb.
     0 | D:1      | Reached XP level 1. HP: 20/20 MP: 6/6
   223 | D:1      | Reached XP level 2. HP: 26/26 MP: 7/7
   293 | D:1      | Learned a level 2 spell: Blink
   851 | D:1      | Found a faded altar of an unknown god.
  1245 | D:2      | Reached XP level 3. HP: 31/31 MP: 9/9
  1269 | D:2      | Reached skill level 5 in Spellcasting
  1382 | D:1      | Reached skill level 1 in Invocations
  1666 | D:2      | Reached skill level 1 in Short Blades
  1666 | D:2      | Reached skill level 1 in Long Blades
  1666 | D:2      | Reached skill level 1 in Maces & Flails
  1666 | D:2      | Reached skill level 1 in Polearms
  1666 | D:2      | Reached skill level 1 in Staves
  1666 | D:2      | Reached skill level 1 in Slings
  1666 | D:2      | Reached skill level 1 in Bows
  1666 | D:2      | Reached skill level 1 in Crossbows
  1666 | D:2      | Reached skill level 1 in Stealth
  1666 | D:2      | Reached skill level 1 in Shields
  1666 | D:2      | Reached skill level 1 in Unarmed Combat
  1666 | D:2      | Reached skill level 1 in Evocations
  1698 | D:2      | Reached XP level 4. HP: 35/38 MP: 11/11
  1873 | D:2      | Reached skill level 1 in Conjurations
  1873 | D:2      | Reached skill level 1 in Hexes
  1873 | D:2      | Reached skill level 1 in Summonings
  1873 | D:2      | Reached skill level 1 in Necromancy
  1873 | D:2      | Reached skill level 1 in Transmutations
  1873 | D:2      | Reached skill level 1 in Fire Magic
  1873 | D:2      | Reached skill level 1 in Ice Magic
  1873 | D:2      | Reached skill level 1 in Air Magic
  1873 | D:2      | Reached skill level 1 in Earth Magic
  1873 | D:2      | Reached skill level 1 in Poison Magic
  1877 | D:2      | Learned a level 3 spell: Teleport Other
  1927 | D:2      | Noticed Natasha
  1932 | D:2      | Killed Natasha
  1933 | D:2      | Reached XP level 5. HP: 27/43 MP: 12/12
  2002 | D:2      | Noticed Natasha
  2006 | D:2      | Killed Natasha
  2136 | D:2      | Noticed Natasha
  2179 | D:2      | Killed from afar by Natasha

Illustrated notes

Levels and vault maps discovered:
D:1:      nzn_arrival_depleted_hourglass, layout_basic,
          dreamdust_ecumenical_altar_angels_and_demons, minmay_misc_feat_room,
          minmay_close_crescents
D:2:      layout_loops_ring, uniq_natasha

Skill      XL: |  1  2  3  4 |
---------------+-------------+-----
Spellcasting   | 5 |  5.2
Invocations    | 1 |  1.6
Short Blades   | 1 |  1.4
Long Blades    | 1 |  1.4
Maces & Flails | 1 |  1.4
Polearms       | 1 |  1.4
Staves         | 1 |  1.4
Slings         | 1 |  1.4
Bows           | 1 |  1.4
Crossbows      | 1 |  1.4
Stealth        | 1 |  1.4
Shields        | 1 |  1.4
Unarmed Combat | 1 |  1.4
Evocations     | 1 |  1.4
Conjurations   | 1 |  1.1
Hexes          | 1 |  1.1
Summonings     | 1 |  1.1
Necromancy     | 1 |  1.1
Transmutations | 1 |  1.1
Fire Magic     | 1 |  1.1
Ice Magic      | 1 |  1.1
Air Magic      | 1 |  1.1
Earth Magic    | 1 |  1.1
Poison Magic   | 1 |  1.1
Fighting       | |  4.7
Axes           | |  4.7
Throwing       | |  2.9
Armour         | |  2.9
Dodging        | |  4.7
Translocations | |  5.5

Action                   |  1- 3 |  4- 6 || total
-------------------------+-------+-------++-------
Melee: Hand axe          |    18 |       ||    18
       Bite              |     1 |       ||     1
 Fire: Hunting sling     |   103 |    21 ||   124
Throw: Boomerang         |     4 |       ||     4
Evoke: Wand              |       |     7 ||     7
  Use: Scroll            |     3 |       ||     3
       Potion            |       |     1 ||     1
 Stab: Sleeping          |     1 |       ||     1
Armor: Leather armour    |    16 |       ||    16
Dodge: Dodged            |    42 |     1 ||    43

Table legend: (Time is in decaauts)
 A = Elapsed time spent in this place.
 B = Non-inter-level travel time spent in this place.
 C = Inter-level travel time spent in this place.
 D = Time resting spent in this place.
 E = Time spent auto-exploring this place.
 F = Levels seen in this place.
 G = Mean time per level.
                   A        B        C        D        E       F      G
               +--------+--------+--------+--------+--------+-----+--------+
         Total |   2203 |   2156 |     47 |    217 |   1554 |   2 | 1101.5 |
       Dungeon |   2203 |   2156 |     47 |    217 |   1554 |   2 | 1101.5 |
               +--------+--------+--------+--------+--------+-----+--------+

Top non-repeatable levels by time:
     D:1: 1501 daAuts
     D:2: 702 daAuts
